 Dungeon Crawl Stone Soup version 0.14-a0-2327-g5ff15cf (webtiles) character file.

422 Egon the Skirmisher (level 6, -2/56 HPs)
             Began as a Draconian Berserker on Jan 29, 2014.
             Was a Priest of Trog.
             Succumbed to an orc's poison
             ... on Level 3 of the Dungeon.
             The game lasted 00:07:10 (2449 turns).

Egon the Skirmisher (Draconian Berserker)           Turns: 2449, Time: 00:07:11

HP  -2/56        AC  7     Str 19      XL: 6   Next: 42%
MP   6/6         EV 13     Int  8      God: Trog [***...]
Gold 52          SH  0     Dex 12      Spells:  0 memorised,  5 levels left

rFire  . . .     SeeInvis .     a - +0 hand axe
rCold  . . .     Clarity  .     (armour unavailable)
rNeg   . . .     Conserve .     (no shield)
rPois  .         rCorr    .     (helmet restricted)
rElec  .         rRot     .     n - +0 cloak
SustAb . .       Spirit   .     (no gloves)
rMut   .         Warding  .     (no boots)
Saprov . . .     Stasis   .     e - amulet of inaccuracy {unknown}
MR     .....                    (no ring)
                                (no ring)

@: exhausted, extremely poisoned, slowed, very slow, not resistant to hostile
enchantments, unstealthy
A: unfitting armour, AC +6
a: Burn Spellbooks, Berserk, Trog's Hand, Renounce Religion


You were on level 3 of the Dungeon.
You worshipped Trog.
Trog was most pleased with you.
You were hungry.

You visited 1 branch of the dungeon, and saw 3 of its levels.

You collected 52 gold pieces.

Inventory:

Hand weapons
 a - a +0,+0 hand axe (weapon)
Armour
 n - a +0 cloak (worn)
Comestibles
 c - 2 bread rations
 h - a pear
 o - 2 chokos
 t - a meat ration
 x - a lychee
 z - 3 chunks of orc flesh
Scrolls
 b - 2 scrolls of identify {unknown}
 d - a scroll of fear {unknown}
 f - a scroll of random uselessness {unknown}
 j - 3 scrolls of enchant weapon I {unknown}
 k - a scroll of immolation {unknown}
 l - 2 scrolls of magic mapping {unknown}
 m - 3 scrolls of remove curse {unknown}
 p - 2 scrolls of fog {unknown}
 r - a scroll of amnesia {unknown}
 s - a scroll of curse weapon {unknown}
 v - a scroll of noise {unknown}
 w - a scroll of recharging {unknown}
Jewellery
 e - an amulet of inaccuracy (around neck) {unknown}
Potions
 g - 2 potions of speed {unknown}
 i - 3 potions of heal wounds {unknown}
 q - a potion of curing {unknown}
 u - a potion of agility {unknown}


   Skills:
 + Level 5.3 Fighting
 + Level 4.8 Axes
 + Level 4.4 Dodging


You had 5 spell levels left.
You didn't know any spells.

Dungeon Overview and Level Annotations

Branches:
Dungeon (3/16)

Altars:


Message History

You feel very sick.
You stop butchering the corpse.
You feel sick.
You stop butchering the corpse.
You feel very sick.
You finish butchering the orc corpse.
z - 4 chunks of orc flesh
Things that are here:
an orc skeleton; an orcish dagger of venom; an orcish leather armour You feel sick.
You feel a little better.
There isn't anything to butcher here.
Eat one of 4 chunks of orc flesh? (ye/n/q/i?) This raw flesh tastes terrible.
You are feeling hungry.
You feel sick.
You continue eating.
* * * LOW HITPOINT WARNING * * *
You feel extremely sick.
You continue eating.
You die...

###
#......##
...#
#...#####
..###
#...# # ##
!...#
###.# #
.... ....
#.# #
....## #..
#.# #
......##.#
#.# #
#......#
#.# #
#....@)###
##.### #
####.)...#
#....# #
#...?.#
#....# #
###...#
#....# #
#.###
##...# #
##.##
#...# #
#...#
#.### #
#.%.###
####.# ###
#.....#
#....# #..


There were no monsters in sight!

Vanquished Creatures
  The ghost of darksquall the Soul Tainter, an average CeDK of Yredelemnul (D:3)
  3 orc priests (D:3)
  An orc wizard (D:3)
  Ijyb (D:2)
  5 adders
  A giant mite (D:3)
  2 worms
  2 giant geckos
  3 oozes
  7 orcs (D:3)
  A ball python (D:3)
  7 bats
  2 giant cockroaches (D:1)
  8 hobgoblins
  7 kobolds
  2 quokkas
  4 giant newts
  6 goblins
  7 rats
70 creatures vanquished.

Notes
Turn   | Place    | Note
--------------------------------------------------------------
     0 | D:1      | Egon, the Draconian Berserker, began the quest for the Orb.
     0 | D:1      | Reached XP level 1. HP: 19/19 MP: 1/1
   147 | D:1      | Reached XP level 2. HP: 26/26 MP: 2/2
   413 | D:1      | Acquired Trog's second power
   677 | D:2      | Reached XP level 3. HP: 13/33 MP: 3/3
   703 | D:2      | Noticed Ijyb
   720 | D:2      | Killed Ijyb
  1167 | D:2      | Reached skill level 4 in Fighting
  1167 | D:2      | Reached XP level 4. HP: 23/40 MP: 4/4
  1654 | D:3      | Reached XP level 5. HP: 19/47 MP: 5/5
  1785 | D:3      | Noticed darksquall's ghost (average CeDK)
  1804 | D:3      | Killed darksquall's ghost
  1808 | D:3      | Reached XP level 6. HP: 44/55 MP: 6/6
  2051 | D:3      | Reached skill level 5 in Fighting
  2449 | D:3      | Succumbed to an orc's poison

Action                   |  1- 3 |  4- 6 || total
-------------------------+-------+-------++-------
Melee: Hand axe          |   139 |   137 ||   276
Invok: Berserk           |     1 |     3 ||     4
